[Event "*** Titled Tuesday 3|2 Blitz (Late)"]
[Site "Chess.com"]
[Date "2016.11.01"]
[Round "3"]
[White "nihalsarin"]
[Black "pastouche06"]
[Result "1-0"]
[WhiteElo "2503"]
[BlackElo "2292"]
[TimeControl "180+2"]
[EndTime "17:37:27 PDT"]
[Termination "nihalsarin won by resignation"]

1. Nf3 d5 2. d4 Nf6 3. c4 e6 4. g3 Be7 5. Bg2 O-O 6. O-O dxc4 7. Ne5 Nc6 8. Nxc6 bxc6 9. Na3 Bxa3 10. bxa3 Rb8 11. Qa4 Qxd4 12. Be3 Qe5 13. Qxc4 Qh5 14.
Bf3 Qh3 15. Bxa7 Ra8 16. Bc5 Ba6 17. Qf4 Rfe8 18. Qxc7 Bc4 19. Rfe1 Rac8 20. Qf4 Ba6 21. a4 e5 22. Qh4 Qe6 23. Bg2 Qc4 24. Qxc4 Bxc4 25. e3 e4 26. Rec1 Bd3 27. a5 Ra8 28. Bb6 Nd5 29. Rxc6 Re6 30. Rxe6 fxe6 31. a4 Kf7 32. Bf1 Ke7 33. Bxd3 exd3 34. Rd1 Nb4 35. Bc5+ 1-0

[Event "*** Titled Tuesday 3|2 Blitz (Late)"]
[Site "Chess.com"]
[Date "2016.11.01"]
[Round "3"]
[White "Gabrielian_Artur"]
[Black "micfel"]
[Result "0-1"]
[WhiteElo "2545"]
[BlackElo "2285"]
[TimeControl "180+2"]
[EndTime "17:37:27 PDT"]
[Termination "micfel won by resignation"]

1. e4 e5 2. Nf3 Nf6 3. Nxe5 d6 4. Nf3 Nxe4 5. c4 Be7 6. d4 O-O 7. Bd3 Nf6 8. h3 c5 9. d5 Nbd7 10. O-O Re8 11. Nc3 Nf8 12. Re1 Ng6 13. Bc2 Bd7 14.
b3 a6 15. a4 b6 16. Bb2 Rb8 17. Qd3 Nf4 18. Qd2 Ng6 19. Bd3 Qc7 20. Kh2 Bf8 21. Ne2 b5 22. Bxf6 gxf6 23. axb5 axb5 24. Nc3 bxc4 25. bxc4 Bg7 26. Rxe8+ Rxe8 27. Re1 Rxe1 28. Qxe1 f5 29. Nb5 Qb8 30. Qb1 Ne5 31. Nxe5 dxe5 32.
Kg1 e4 33. Be2 Bd4 34. Qb3 Bxb5 35. cxb5 Qf4 36. Qd1 Qxf2+ 37. Kh1 Be5 38. b6 Qg3 39. Qg1 Kf8 40. Qxc5+ Bd6 41. Qg1 f4 42. Bg4 h5 43.
Bc8 e3 44. Ba6 f3 0-1

[Event "*** Titled Tuesday 3|2 Blitz (Late)"]
[Site "Chess.com"]
[Date "2016.11.01"]
[Round "3"]
[White "stalyansky"]
[Black "Scott-fox21"]
[Result "1-0"]
[WhiteElo "2209"]
[BlackElo "2187"]
[TimeControl "180+2"]
[EndTime "17:37:27 PDT"]
[Termination "stalyansky won by checkmate"]

1. e4 c5 2. Nf3 d6 3. d4 cxd4 4. Nxd4 Nf6 5. Nc3 Nc6 6. Be2 g6 7. O-O Bg7 8. Nb3 O-O 9. Bg5 Be6 10. Kh1 a6 11. a4 Qc8 12. f4 Rd8 13. Bf3 h6 14. Bh4 b5 15. axb5 axb5 16. Rxa8 Qxa8 17. Nxb5 Bc4 18. Be2 Bxb3 19. cxb3 Nxe4 20. Qc2 d5 21. Nc7 Qb7 22. Nxd5 Rxd5 23. Qxe4 Rd6 24. Bc4 Qd7 25. Bf2 Na5 26. Qa8+ Qd8 27. Qxd8+ Rxd8 28. Bb6 Ra8 29. Ra1 Bxb2 30. Rxa5 Rb8 31. Bc5 Bc3 32. Ra7 e6 33. Rd7 Ra8 34. g3 Ra1+ 35. Kg2 Ra2+ 36. Kh3 h5 37. Bd4 Rd2 38. Rd8+ Kh7 39.
Rh8# 1-0

[Event "*** Titled Tuesday 3|2 Blitz (Late)"]
[Site "Chess.com"]
[Date "2016.11.01"]
[Round "3"]
[White "Rating-Schmating"]
[Black "Kubas1010"]
[Result "1-0"]
[WhiteElo "2245"]
[BlackElo "2409"]
[TimeControl "180+2"]
[EndTime "17:37:38 PDT"]
[Termination "Rating-Schmating won by resignation"]

1. e4 e5 2. Nf3 Nc6 3. d4 exd4 4. Nxd4 g6 5. Nc3 Bg7 6. Be3 Nf6 7. Be2 O-O 8. O-O Re8 9. f3 d5 10. Nxc6 bxc6 11.
Qd2 Qe7 12. Bg5 dxe4 13. fxe4 Nxe4 14. Nxe4 Qxe4 15. Bf3 Qd4+ 16. Qxd4 Bxd4+ 17. Kh1 Bb7 18.
c3 Be5 19. Rad1 f6 20. Bh4 Rad8 21. Bf2 a5 22. g3 Kf7 23. Kg2 a4 24. Bc5 Ba6 25.
Rfe1 Bb5 26. c4 Bxc4 27. Bxc6 Rxd1 28. Bxe8+ Kxe8 29. Rxd1 Bxa2 30. Bd4 Ke7 31. Bxe5 fxe5 32. Kf3 Bb3 33. Rd2 Ke6 34. Ke4 c6 35. g4 Bd5+ 36.
Ke3 Kd6 37. Rf2 Ke7 38. h4 Be6 39. Ke4 Bxg4 40. Kxe5 Bf5 41. Rd2 Be6 42. Rd4 Bb3 43.
Rb4 c5 44. Rb7+ Kf8 45. Kf6 Ke8 46. Rxh7 c4 47. Ra7 Bc2 48. Rc7 Bd3 49. Ke6 Kd8 50.
Ra7 Bc2 51. Kd5 Bb3 52. Kd4 Ke8 53. Rg7 Bc2 54. Kxc4 Kf8 55. Ra7 Bb3+ 56. Kd4 Kg8 57. Ke5 Kh8 58. Kf6 Bc2 59. Rc7 Bd3 60. Rc3 1-0

[Event "*** Titled Tuesday 3|2 Blitz (Late)"]
[Site "Chess.com"]
[Date "2016.11.01"]
[Round "3"]
[White "GMMelik"]
[Black "Maitreia"]
[Result "1-0"]
[WhiteElo "2384"]
[BlackElo "2497"]
[TimeControl "180+2"]
[EndTime "17:37:43 PDT"]
[Termination "GMMelik won by resignation"]

1. e4 c5 2. Nf3 g6 3. d4 cxd4 4. Nxd4 Bg7 5. Nc3 Nc6 6. Be3 Nf6 7. Bc4 O-O 8. Bb3 a5 9. a4 Ng4 10. Qxg4 Nxd4 11. Qh4 Nxb3 12. cxb3 d6 13. Nd5 f6 14. Bb6 Qd7 15. O-O Ra6 16. Rac1 Qg4 17. Nxe7+ Kh8 18.
Qxg4 Bxg4 19. Bd4 Re8 20. Rc7 Raa8 21. f3 Be6 22. Rfc1 Bxb3 23. Rxb7 Bxa4 24. Rcc7 Reb8 25. Nxg6+ hxg6 26. Rxg7 Rxb7 27. Rxb7 Rf8 28. Rb6 Bc2 29. Rxd6 Kg7 30. g4 g5 31. h4 gxh4 32. g5 Kg6 33.
Bxf6 Kh5 34. Kf2 a4 35. Be7 Rh8 36. g6 Rg8 37. Rd5+ Kxg6 38. Rg5+ Kf7 39. Rxg8 Kxg8 40. Bxh4 Kf7 41. Ke3 Ke6 42. Kd4 Bd1 43. f4 Bc2 44.
f5+ Kf7 45. Ke5 Bb1 46. Kf4 Kg7 47. e5 Kf7 48. e6+ Kf8 49. Ke5 a3 50. bxa3 1-0

[Event "*** Titled Tuesday 3|2 Blitz (Late)"]
[Site "Chess.com"]
[Date "2016.11.01"]
[Round "3"]
[White "norwaytoadog"]
[Black "enfanterrible"]
[Result "0-1"]
[WhiteElo "1986"]
[BlackElo "2218"]
[TimeControl "180+2"]
[EndTime "17:37:44 PDT"]
[Termination "enfanterrible won on time"]

1. e4 d5 2. exd5 Qxd5 3. Nf3 Nf6 4. d4 Bg4 5. Be2 e6 6. O-O Nc6 7. c4 Qf5 8. Nc3 O-O-O 9. Be3 Bc5 10. dxc5 Rxd1 11.
Rfxd1 Rd8 12. a3 Qc2 13. Rdc1 Qxb2 14. Ra2 Qb3 15. Nd2 Rxd2 16. Rxd2 Bxe2 17. Nxe2 Qxa3 18. h3 a5 19. Rcd1 a4 20. Nd4 Ne4 21. Nb5 Qb3 22. Rd7 Qxc4 23. Na7+ Kb8 24. Nxc6+ bxc6 25. Rd8+ Ka7 26.
R1d7 Kb7 27. Rxf7 a3 28. Rdd7 Ka6 29. Rxc7 Kb5 30. Rb7+ Ka4 31. Rf8 Qa6 32. Rb6 Qa5 0-1

[Event "*** Titled Tuesday 3|2 Blitz (Late)"]
[Site "Chess.com"]
[Date "2016.11.01"]
[Round "3"]
[White "calemcc"]
[Black "Quiet_Desperation"]
[Result "1-0"]
[WhiteElo "2218"]
[BlackElo "2291"]
[TimeControl "180+2"]
[EndTime "17:37:45 PDT"]
[Termination "calemcc won by resignation"]

1. d4 Nf6 2. c4 e6 3. Nf3 Bb4+ 4.
Nbd2 b6 5. g3 Bb7 6. Bg2 O-O 7.
O-O Be7 8. Qc2 d5 9. Ne5 Nfd7 10. Nxd7 Qxd7 11. Rd1 c6 12. e4 dxc4 13. Nxc4 Na6 14.
Bf4 f6 15. a3 Rac8 16. Bh3 Kh8 17. Qb3 Rfe8 18. Ne3 Bd6 19. Ng2 Qe7 20. Bxd6 Qxd6 21. Nf4 c5 22. Bxe6 c4 23. Bxc4 Bxe4 24. Bxa6 Bc2 25.
Qf7 Bxd1 26. Bxc8 Re1+ 27. Kg2 Qc6+ 28. d5 Qxc8 29. Ne6 Qg8 30. Qxa7 Bf3+ 31. Kxf3 Rxa1 32. Qxb6 Rd1 33. Qb7 g5 34. a4 h5 35. a5 h4 36. h3 hxg3 37. Kxg3 Qg6 38. Qc8+ Qg8 39. Qd7 Qb8+ 40. Kg2 Qg8 41. a6 Ra1 42. a7 Qg6 43.
Qd8+ Qg8 44. Qxf6+ Kh7 45. Nxg5+ 1-0

[Event "*** Titled Tuesday 3|2 Blitz (Late)"]
[Site "Chess.com"]
[Date "2016.11.01"]
[Round "3"]
[White "michaelk123"]
[Black "keisyzrk"]
[Result "0-1"]
[WhiteElo "2149"]
[BlackElo "2220"]
[TimeControl "180+2"]
[EndTime "17:37:46 PDT"]
[Termination "keisyzrk won by resignation"]

1. e4 c6 2. d4 d5 3. exd5 cxd5 4. c4 Nf6 5. Nc3 Nc6 6. Bg5 dxc4 7. Bxc4 h6 8. Bh4 e6 9. Nf3 Be7 10. O-O O-O 11. Re1 Nb4 12. a3 Nbd5 13. Ne5 Nxc3 14.
bxc3 Nd5 15. Bxd5 Bxh4 16. Bb3 Bf6 17. Qd3 Bxe5 18. Rxe5 Bd7 19. Bc2 g6 20. Rae1 Rc8 21. d5 Qc7 22. dxe6 Bxe6 23. Rxe6 fxe6 24. Qxg6+ Qg7 25.
Qxe6+ Kh8 26. Bf5 Rxc3 27. g4 Rf3 28. Kf1 Rxa3 29. Rd1 Ra6 30. Qe3 Ra1 31. Rxa1 Qxa1+ 32. Kg2 Qg7 33. Kf1 b5 34. Qc5 a6 35. h3 Qf7 36.
Kg2 Qf6 37. Qc7 Qg7 38. Qc6 Rxf5 39. Qc8+ Rf8 40. Qxa6 b4 41. Qb5 Qf6 42. Qb6 Qxb6 0-1

[Event "*** Titled Tuesday 3|2 Blitz (Late)"]
[Site "Chess.com"]
[Date "2016.11.01"]
[Round "3"]
[White "Boryboy"]
[Black "platy3"]
[Result "0-1"]
[WhiteElo "2429"]
[BlackElo "2682"]
[TimeControl "180+2"]
[EndTime "17:37:58 PDT"]
[Termination "platy3 won by resignation"]

1. d4 Nf6 2. Nf3 e6 3. g3 Be7 4. Bg2 O-O 5. c4 d5 6. O-O dxc4 7. Ne5 Nc6 8. Bxc6 bxc6 9. Nxc6 Qe8 10. Nxe7+ Qxe7 11.
Qa4 e5 12. dxe5 Qxe5 13. Qxc4 Be6 14. Qd3 Rad8 15. Qe3 Qh5 16. f3 Bc4 17. Qf2 Rfe8 18. Nc3 Nd5 19. Re1 Nb4 20. Rf1 Nd5 21. Re1 Nb4 22. Rf1 f6 23. Bf4 Nd5 24. Rfe1 Nxc3 25. bxc3 Qa5 26. e4 Rd3 27. Rad1 Red8 28. Rxd3 Rxd3 29.
e5 g5 30. Bc1 fxe5 31. Bxg5 Qd5 32. f4 Rd2 33. Rxe5 Qd3 34. Re8+ Kf7 35. Re7+ Kf8 36. Qe1 Rd1 37. Re8+ Kf7 38. Re7+ Kg6 39. g4 Rxe1+ 40. Rxe1 h5 0-1

[Event "*** Titled Tuesday 3|2 Blitz (Late)"]
[Site "Chess.com"]
[Date "2016.11.01"]
[Round "3"]
[White "RobertoJBM"]
[Black "chessking2151"]
[Result "1-0"]
[WhiteElo "2545"]
[BlackElo "2329"]
[TimeControl "180+2"]
[EndTime "17:38:00 PDT"]
[Termination "RobertoJBM won on time"]

1. d4 Nf6 2. Nf3 c5 3. e3 e6 4.
Bd3 Nc6 5. O-O b6 6. b3 Bb7 7. Bb2 Be7 8. Nbd2 O-O 9. a3 d5 10. Qe2 Rc8 11. Ne5 Qc7 12. f4 Rfd8 13. g4 Na5 14. g5 Ne4 15. dxc5 bxc5 16. Nxe4 dxe4 17. Bb5 f6 18. gxf6 Bxf6 19. Rad1 Nc6 20. Nxc6 Bxc6 21. Bxf6 gxf6 22. Bc4 Bd5 23. f5 Qf7 24. fxe6 Bxe6 25. Qg2+ Kh8 26. Qxe4 Bxc4 27. Qxc4 Qxc4 28. bxc4 Kg7 29.
Kf2 Kf7 30. Rd5 Rb8 31. Rfd1 Rxd5 32. Rxd5 Rb2 33. Rxc5 Rxc2+ 34. Kf3 Rxh2 35. Rc7+ Kg6 36. Rxa7 Rc2 37. Ra4 h5 38. Rb4 Kg5 39. Rb5+ f5 40.
e4 Rc3+ 41. Ke2 Rxa3 42. Rxf5+ Kg4 43. Kd2 h4 44. Rf1 h3 45. c5 Ra5 46. Rc1 h2 47.
c6 Rc5 48. Rxc5 h1=Q 49. c7 Qh6+ 50. Kc3 Qd6 51. c8=Q+ 1-0

[Event "*** Titled Tuesday 3|2 Blitz (Late)"]
[Site "Chess.com"]
[Date "2016.11.01"]
[Round "3"]
[White "Divertissement"]
[Black "MFBerna"]
[Result "1-0"]
[WhiteElo "2340"]
[BlackElo "2170"]
[TimeControl "180+2"]
[EndTime "17:38:27 PDT"]
[Termination "Divertissement won by resignation"]

1. d4 d5 2. Nf3 Nf6 3. c4 e6 4. Nc3 Be7 5. Bf4 O-O 6. e3 Nbd7 7. c5 Nh5 8. Bd3 Nxf4 9. exf4 b6 10. b4 a5 11. a3 c6 12. O-O Ba6 13. Bxa6 Rxa6 14. Qd3 Ra7 15. f5 exf5 16. Qxf5 Qc7 17. Rac1 axb4 18.
axb4 bxc5 19. dxc5 g6 20. Qd3 Rb7 21. b5 Nxc5 22.
Qc2 Rd8 23. Nd4 cxb5 24. Ncxb5 Qf4 25. Nc6 Rxb5 26. Qe2 Bd6 27. g3 Qe4 28. Qxb5 Rc8 29. Rxc5 Bxc5 30. Qxc5 Kg7 31. Qd4+ Qxd4 32. Nxd4 Rc4 33.
Rd1 Kf6 34. Kg2 Ke5 35. Nf3+ Kd6 36. Ng5 f5 37. Nxh7 d4 38. Ng5 Kd5 39. Nf3 Rb4 40.
h4 Ke4 41. Ng5+ Kd5 42. Kf3 Rb2 43. Nh3 Ke5 44. Nf4 Rb3+ 45. Kg2 Rb6 46. Re1+ Kf6 47. Nd5+ 1-0

[Event "*** Titled Tuesday 3|2 Blitz (Late)"]
[Site "Chess.com"]
[Date "2016.11.01"]
[Round "3"]
[White "Dlugy"]
[Black "Rumpel-VK"]
[Result "0-1"]
[WhiteElo "2573"]
[BlackElo "2478"]
[TimeControl "180+2"]
[EndTime "17:38:31 PDT"]
[Termination "Rumpel-VK won by resignation"]

1. d4 d6 2. Bf4 Nd7 3. Nf3 c6 4. Nc3 Qc7 5. e4 e5 6. Bg3 Be7 7. Bc4 Ngf6 8. O-O O-O 9. a4 Nh5 10. Bh4 Bxh4 11. Nxh4 exd4 12. Qxd4 Ne5 13. Bb3 Qe7 14. Nf5 Bxf5 15. exf5 Rad8 16. f4 Ng4 17. Rae1 Qh4 18. h3 Nh6 19. Qxa7 Nxf5 20. Qf2 Nhg3 21. Ne4 Nxf1 22. Qxh4 Nxh4 23. Kxf1 Ng6 24. g3 h6 25. Rd1 d5 26. Nc5 b6 27. Nd3 c5 28. Nf2 c4 29. Ba2 Ne7 30. b3 Nf5 31. Ke2 Nxg3+ 32.
Kf3 Nf5 33. bxc4 dxc4 34. Rb1 Nd4+ 35. Kg3 Nxc2 36. Bxc4 Ne3 37. Ba6 Ra8 38. Rxb6 Nd5 39. Rd6 Nc7 40. Bb5 Nxb5 41. axb5 Rfb8 42. b6 Ra6 43.
Ng4 Raxb6 44. Rd7 R6b7 45. Rd6 Rb3+ 46. Kh4 R8b5 47. Ne5 g5+ 48. Kh5 Rxh3+ 49. Kg4 Rh4+ 50. Kg3 Rxf4 51. Nd3 Rb3 52. Kg2 Rxd3 53. Rxd3 Kg7 54. Rd8 Kg6 55. Kg3 Ra4 56. Rd6+ f6 57. Rd8 Ra3+ 58.
Kg2 g4 59. Rd5 f5 60. Rd3 Rxd3 0-1

[Event "*** Titled Tuesday 3|2 Blitz (Late)"]
[Site "Chess.com"]
[Date "2016.11.01"]
[Round "3"]
[White "KNVB"]
[Black "DanielNaroditsky"]
[Result "0-1"]
[WhiteElo "2593"]
[BlackElo "2740"]
[TimeControl "180+2"]
[EndTime "17:38:32 PDT"]
[Termination "DanielNaroditsky won by resignation"]

1. d4 Nf6 2. c4 d6 3. Nc3 Nbd7 4. e4 e5 5. Nge2 g6 6. f3 Bg7 7. Be3 c6 8. Qd2 a6 9. d5 cxd5 10. cxd5 b5 11. g4 h5 12. g5 Nh7 13. Rg1 Bb7 14. b3 O-O 15. Ng3 Rc8 16. Be2 f6 17. gxf6 Qxf6 18.
Rc1 Rc7 19. Nd1 Rxc1 20. Qxc1 Rc8 21. Qd2 Kh8 22. Nf2 Qh4 23. Rg2 Bf6 24. Nf1 Ndf8 25.
Qb4 Be7 26. a4 Bd8 27. Qxd6 Ba5+ 28. b4 Bc7 29. Qc5 Nd7 30. Qa7 Bxd5 31. Qxa6 Ra8 32. Qxg6 Rg8 33. Qh6 Rxg2 34. exd5 Qxb4+ 35. Nd2 Rg1+ 36. Bf1 bxa4 37. Qxh5 a3 38. Qe8+ Ndf8 39. Qa8 Ba5 40.
d6 a2 41. d7 a1=Q+ 42. Ke2 Qb5+ 43. Nd3 Qxd7 44. Bxg1 Qc3 45. Ne4 Qcxd3+ 46. Kf2 Qc2+ 47. Kg3 Qg7+ 48. Kh3 Qxg1 0-1

[Event "*** Titled Tuesday 3|2 Blitz (Late)"]
[Site "Chess.com"]
[Date "2016.11.01"]
[Round "3"]
[White "BillieKimbah"]
[Black "tigra"]
[Result "0-1"]
[WhiteElo "2605"]
[BlackElo "2474"]
[TimeControl "180+2"]
[EndTime "17:38:36 PDT"]
[Termination "tigra won on time"]

1. d4 Nf6 2. Bf4 e6 3. e3 c5 4. Nd2 b6 5. Ngf3 Bb7 6. h3 Nc6 7. c3 d5 8. Bd3 Bd6 9. O-O Qc7 10. Bxd6 Qxd6 11. Qe2 O-O 12. e4 Qe7 13. e5 Nd7 14. Rfe1 Rae8 15. Nf1 f6 16. exf6 Qxf6 17. Bb5 cxd4 18. Nxd4 e5 19. Nxc6 Bxc6 20. Bxc6 Qxc6 21. Rad1 Nf6 22. Ne3 Qc5 23. Rf1 b5 24. b4 Qc6 25. Qd3 Rd8 26. Nf5 Rfe8 27. Qg3 Qc7 28. Rfe1 Ne4 29. Qg4 Nxc3 30. Rd3 d4 31. Rg3 g6 32. h4 d3 33. h5 d2 34. Rd1 Qc4 35. Qg5 Ne2+ 36. Kh2 Nxg3 37. fxg3 Qe6 38. g4 Rf8 39.
Nh6+ Kg7 40. Nf5+ Kh8 41. Qh6 Qf6 42. hxg6 Qxg6 43. Qh3 Qg5 44. Qg3 Qf4 0-1

[Event "*** Titled Tuesday 3|2 Blitz (Late)"]
[Site "Chess.com"]
[Date "2016.11.01"]
[Round "3"]
[White "superjem123"]
[Black "gmshanmeruga"]
[Result "1-0"]
[WhiteElo "2505"]
[BlackElo "2272"]
[TimeControl "180+2"]
[EndTime "17:38:41 PDT"]
[Termination "superjem123 won by resignation"]

1. c4 e5 2. g3 Nf6 3. Bg2 d5 4. cxd5 Nxd5 5. Nc3 Nb6 6. Nf3 Nc6 7. O-O Bd6 8. d3 O-O 9. Be3 Bg4 10. Rc1 f5 11. Na4 f4 12. Bc5 Be6 13. a3 Nxa4 14. Qxa4 Qf6 15.
Nd2 Bxc5 16. Rxc5 Nd4 17. Qd1 Bg4 18. f3 Bf5 19. b4 c6 20. Nc4 b6 21. Rxe5 b5 22.
gxf4 bxc4 23. dxc4 Rad8 24. e3 Ne6 25. Qa4 Rd2 26. Kh1 Qh4 27. Qxc6 Nd8 28. Qb5 Bh3 29. Rg5 Ne6 30. Rg3 Bxg2+ 31. Rxg2 Rfd8 32. Rfg1 Rxg2 33. Rxg2 Rd1+ 34. Rg1 Rxg1+ 35. Kxg1 Qe1+ 36. Kg2 Qe2+ 37. Kg3 Qe1+ 38. Kg4 h5+ 39. Kf5 Nf8 40. Qd5+ Kh7 41. Ke4 Qb1+ 42. Qd3 Qa1 43. c5 Qf6 44. Kd5+ Kh8 45.
Qe4 Qf7+ 46. Kd6 Qd7+ 47. Ke5 Qe6+ 48. Kd4 Qd7+ 49. Qd5 Qf5 50. Qxf5 1-0

[Event "*** Titled Tuesday 3|2 Blitz (Late)"]
[Site "Chess.com"]
[Date "2016.11.01"]
[Round "3"]
[White "GianmarcoVaR"]
[Black "hardingstoptry"]
[Result "0-1"]
[WhiteElo "2411"]
[BlackElo "2584"]
[TimeControl "180+2"]
[EndTime "17:38:42 PDT"]
[Termination "hardingstoptry won by resignation"]

1. d4 Nf6 2. c4 c5 3. d5 b5 4.
cxb5 a6 5. bxa6 e6 6. Nc3 exd5 7.
Nxd5 Bxa6 8. e3 Bxf1 9. Kxf1 g6 10. Ne2 Bg7 11. Nec3 O-O 12. Qf3 Nxd5 13. Nxd5 Na6 14.
h4 h5 15. g3 Re8 16. Kg2 Nc7 17. Rd1 Nxd5 18. Qxd5 Qb6 19. Rb1 Ra7 20. b3 d6 21. Rd2 Re6 22. a4 Rxa4 23. Bb2 Ra7 24. Bxg7 Kxg7 25. Qc4 Qc6+ 26. Qd5 Qb6 27. b4 Qb5 28. Rdd1 Ra6 29. bxc5 Qxc5 30. Qd3 Qc6+ 31. Kg1 Rf6 32. Qd4 Ra4 33. Rb4 Ra2 34. Rb2 Ra4 35.
Qd5 Qc7 36. Rb7 Qc8 37. Qb3 Qf5 38. Qb2 Rxh4 39. Rxd6 Rc4 40. Rbb6 Rc1+ 41. Qxc1 Qxf2+ 42. Kh1 Qf3+ 43. Kh2 Qf2+ 44. Kh3 h4 45. Kxh4 Qh2+ 0-1

[Event "*** Titled Tuesday 3|2 Blitz (Late)"]
[Site "Chess.com"]
[Date "2016.11.01"]
[Round "3"]
[White "jcibarra"]
[Black "jk13"]
[Result "1/2-1/2"]
[WhiteElo "2686"]
[BlackElo "2513"]
[TimeControl "180+2"]
[EndTime "17:38:55 PDT"]
[Termination "Game drawn by repetition"]

1. e4 e5 2. Nf3 Nc6 3. Bb5 Nf6 4. O-O Nxe4 5. Re1 Nd6 6. Nxe5 Be7 7. Bf1 Nf5 8. Bd3 Nxe5 9. Bxf5 d6 10. Bxc8 Rxc8 11.
d4 Ng6 12. Nc3 d5 13. Qh5 c6 14. Bg5 O-O 15. Bxe7 Nxe7 16. Ne2 Ng6 17. Qf3 Qb6 18. Qb3 Qxb3 19. axb3 a6 20. Nc1 Nf4 21. b4 Rfe8 22. Nb3 Kf8 23. g3 Ne6 24. c3 Rc7 25. Re3 Rce7 26. Kg2 Nd8 27. Rxe7 Rxe7 28. Kf3 f6 29. h4 h5 30. Nc5 Nf7 31. Nd3 g6 32.
Re1 Rxe1 33. Nxe1 Nd6 34. Nd3 Kf7 35. Kf4 b6 36. f3 Nf5 37. Ne1 Ke6 38. Ng2 Nd6 39.
Ne3 Nf7 40. g4 g5+ 41. Kg3 hxg4 42. fxg4 gxh4+ 43. Kxh4 Nd6 44. Kg3 Ne4+ 45. Kf3 Ng5+ 46. Ke2 Ne4 47. Kd3 Nf2+ 48. Ke2 Ne4 49. Ng2 Nd6 50.
Nf4+ Kf7 51. Kf3 Nc4 52. Nd3 Ke6 53. Nf4+ Kf7 54. Nd3 Ke6 55. Kf4 Nd6 56. Nf2 Nc4 57. Nd3 Nd6 58. g5 fxg5+ 59. Kxg5 Nc4 60. Kg6 Ne3 61.
Kg5 Nc4 62. Kf4 Nd2 63. Ne1 Nc4 64. Nd3 Nd2 65. Kg5 Nc4 1/2-1/2

[Event "*** Titled Tuesday 3|2 Blitz (Late)"]
[Site "Chess.com"]
[Date "2016.11.01"]
[Round "3"]
[White "psv98"]
[Black "Evgeny_Levin"]
[Result "0-1"]
[WhiteElo "2623"]
[BlackElo "2719"]
[TimeControl "180+2"]
[EndTime "17:39:06 PDT"]
[Termination "Evgeny_Levin won by resignation"]

1. e4 c5 2. Nf3 d6 3. Bb5+ Nd7 4.
O-O Nf6 5. Re1 a6 6. Bd3 b5 7. c3 Bb7 8. a4 c4 9. Bc2 Nc5 10.
axb5 axb5 11. Rxa8 Qxa8 12. Na3 Bxe4 13. Nxb5 Bxc2 14.
Qxc2 Qb8 15. Na3 d5 16. d4 cxd3 17. Qd1 Nfe4 18. Ng5 Nxg5 19. Bxg5 Qxb2 20. Qg4 e6 21. Qf4 d2 22. Qxd2 Qxa3 23. Qxd5 f6 24. Qc6+ Kf7 25. Be3 Qa4 26. Qc7+ Qd7 27. Qb6 Na4 28. Qb3 Be7 29.
Rd1 Rb8 30. Qc2 Rb2 31. Qc1 Qc6 32. h4 Qxc3 33. Qxc3 Nxc3 34. Re1 Nd5 35. Bc1 Rb1 36.
Kf1 Bb4 37. Rd1 Ba3 38. Bxa3 Rxd1+ 39. Ke2 Ra1 40. Bc5 Ra2+ 41. Kf3 Ra4 42. g3 e5 43. Kg2 Ke6 44. Kf3 f5 45. Bf8 g6 46.
Bh6 Ra3+ 47. Kg2 e4 48. Bg5 Ra2 49. Kf1 Nc3 50. Be3 Kd5 51. Kg2 Kc4 52. Kh3 Nd1 53.
Bb6 Nxf2+ 54. Bxf2 Rxf2 55. h5 g5 56. h6 Rf3 57.
Kg2 g4 58. Kh2 e3 59. Kg2 e2 60. Kh2 e1=Q 61. Kg2 0-1

[Event "*** Titled Tuesday 3|2 Blitz (Late)"]
[Site "Chess.com"]
[Date "2016.11.01"]
[Round "3"]
[White "FearlessKing64"]
[Black "spirals5"]
[Result "1/2-1/2"]
[WhiteElo "2165"]
[BlackElo "2267"]
[TimeControl "180+2"]
[EndTime "17:39:16 PDT"]
[Termination "Game drawn by stalemate"]

1. e4 c5 2. Nf3 d6 3. d4 cxd4 4. Nxd4 Nf6 5. Nc3 a6 6. Be2 e5 7.
Nb3 h6 8. a4 Be6 9. Be3 Nbd7 10. a5 Be7 11. O-O Rc8 12. Bf3 O-O 13. Qd2 Re8 14. Rfc1 Bf8 15. h3 Qc7 16. Na4 Qc6 17.
Nb6 Nxb6 18. Bxb6 Nxe4 19. Qe1 f5 20. Nd2 d5 21. Bh5 Bf7 22. Bxf7+ Kxf7 23. c4 Nxd2 24. Qxd2 d4 25. b4 Kg8 26. Rab1 Qe6 27. f4 Rxc4 28. Rxc4 Qxc4 29. fxe5 d3 30. Rc1 Qd5 31. Rc3 Qxe5 32.
Rxd3 Qe1+ 33. Qxe1 Rxe1+ 34. Kf2 Re4 35. Rd7 Rxb4 36.
Rxb7 Kh7 37. Kf3 Rb5 38. Ra7 Bb4 39. Bd4 Bxa5 40. Rxg7+ Kh8 41. Rg6+ Kh7 42. Rg7+ Kh8 43. Ra7+ Kg8 44. Rxa6 Bd2 45. Rg6+ Kf7 46. Rf6+ Ke7 47. Rb6 Rxb6 48. Bxb6 Kf6 49. Be3 Bxe3 50. Kxe3 Ke5 51. g3 h5 52. Kf3 h4 53. g4 fxg4+ 54. hxg4 Kf6 55. Kg2 Kg6 56. Kh2 Kh6 57. Kg2 Kg6 58. Kh3 Kg5 59. Kg2 Kxg4 60. Kh2 h3 61. Kh1 Kg3 62. Kg1 h2+ 63. Kh1 Kh3 1/2-1/2

[Event "*** Titled Tuesday 3|2 Blitz (Late)"]
[Site "Chess.com"]
[Date "2016.11.01"]
[Round "3"]
[White "jcgs1030"]
[Black "hermionegrangermagic"]
[Result "1/2-1/2"]
[WhiteElo "2232"]
[BlackElo "2243"]
[TimeControl "180+2"]
[EndTime "17:39:31 PDT"]
[Termination "Game drawn by stalemate"]

1. e4 c5 2. Nf3 Nc6 3. d4 cxd4 4.
Nxd4 e5 5. Nb5 d6 6. N1c3 a6 7. Na3 b5 8. Nd5 Nge7 9. c4 Nd4 10. Be3 Nxd5 11. Bxd4 Nf6 12. Be3 Bb7 13. f3 Qa5+ 14. Kf2 Be7 15. cxb5 d5 16. bxa6 Bc6 17. Rc1 d4 18.
Bd2 Qb6 19. Rxc6 Qxb2 20. Nc4 Qxa2 21. Nxe5 O-O 22. Bc4 Qa3 23. Qb3 Qxb3 24. Bxb3 Rfb8 25. Bxf7+ Kf8 26. Be6 Rb2 27. Nc4 Rc2 28. Rc1 Ra2 29. Bc8 Bb4 30. Ke1 Be7 31. Bb7 Ra7 32. Ne5 Rb2 33.
Rc8+ Ne8 34. Nc6 Raxb7 35. axb7 Rxb7 36. Nxe7 Kxe7 37. R8c4 Rd7 38. Ra4 Nf6 39. Bg5 Kf7 40.
Bxf6 gxf6 41. Kd2 Kg6 42. Rcc4 d3 43. Rd4 Rb7 44. Kxd3 Rb2 45. Rd8 Kg7 46. Ra7+ Kh6 47. Rh8 f5 48. Rhxh7+ Kg6 49. e5 f4 50. Rhf7 Kg5 51.
Rf6 Rb3+ 52. Ke4 Re3+ 53. Kd4 Re2 54. Rg7+ Kh5 55. g4+ fxg3 56. hxg3 Re4+ 57. Kd3 Rd4+ 58. Ke3 Re4+ 59. Kf2 Re2+ 60. Kf1 Re1+ 61. Kg2 Re2+ 62. Kg1 Rg2+ 63. Kf1 Rf2+ 64. Ke1 Re2+ 65. Kd1 Rd2+ 66.
Kc1 Rc2+ 67. Kxc2 1/2-1/2

[Event "*** Titled Tuesday 3|2 Blitz (Late)"]
[Site "Chess.com"]
[Date "2016.11.01"]
[Round "3"]
[White "Genghis_K"]
[Black "GrigorGrigorov"]
[Result "1-0"]
[WhiteElo "2690"]
[BlackElo "2573"]
[TimeControl "180+2"]
[EndTime "17:39:44 PDT"]
[Termination "Genghis_K won by resignation"]

1. e4 g6 2. d4 Bg7 3. c4 d6 4. Nc3 Nd7 5. Nf3 e5 6. Be2 Ngf6 7. O-O O-O 8. Re1 c6 9. Bf1 Qb6 10. dxe5 dxe5 11. h3 Rd8 12. Qc2 Nh5 13. Be3 Qc7 14. b4 Nf4 15. c5 Ne6 16. Bc4 Nd4 17. Bxd4 exd4 18. Bxf7+ Kh8 19. Na4 d3 20. Qd2 Nxc5 21.
Nxc5 Bxa1 22. Bb3 Bf6 23. e5 Be7 24. Ng5 Bxg5 25. Qxg5 Bf5 26. g4 d2 27. Rd1 b6 28.
gxf5 Qxe5 29. Ne6 Rd6 30. Rxd2 Rxd2 31. Qxd2 gxf5 32. Qd4 Qxd4 33. Nxd4 c5 34. bxc5 bxc5 35. Nxf5 Rd8 36. Ne3 Rd4 37. Kf1 Rh4 38. Kg2 Rd4 39.
Kg3 h6 40. h4 Kh7 41. h5 Rd2 42. f3 Kg7 43. Nf5+ Kf6 44. Kf4 Rh2 45. Nxh6 Rxh5 46. Ng4+ Ke7 47. Nf2 Rh2 48. Ne4 Rh5 49. Ng3 Rh4+ 50.
Ke5 c4 51. Bc2 Rh2 52. Nf5+ Kd8 53. Ne3 c3 54. Kd4 Rf2 55. Be4 Rxa2 56. Kxc3 a5 57. Nc2 Ra4 58. Kb3 Rxe4 59. fxe4 Ke7 60. Ne1 Kd6 61. Nd3 Kc6 62. Ka4 Kd6 63. Kxa5 Ke6 64. Kb5 1-0

[Event "*** Titled Tuesday 3|2 Blitz (Late)"]
[Site "Chess.com"]
[Date "2016.11.01"]
[Round "3"]
[White "howitzer14"]
[Black "yurisolo"]
[Result "1-0"]
[WhiteElo "2773"]
[BlackElo "2532"]
[TimeControl "180+2"]
[EndTime "17:40:34 PDT"]
[Termination "howitzer14 won by resignation"]

1. e4 g6 2. d4 Bg7 3. Nf3 d6 4.
Bc4 Nf6 5. Qe2 O-O 6. O-O Nc6 7.
h3 e5 8. dxe5 Nxe5 9. Nxe5 dxe5 10. Nc3 c6 11. a4 a5 12. Be3 Qe7 13. Rfd1 Be6 14. Rd2 Bxc4 15. Qxc4 Qb4 16. Qd3 Rfe8 17. Rad1 h6 18. b3 Bf8 19. f3 Kg7 20. Na2 Qa3 21. Nc3 Be7 22. Nb1 Qb4 23. Qc3 Qxc3 24. Nxc3 Red8 25.
Kf1 Rxd2 26. Rxd2 Rd8 27. Rxd8 Bxd8 28. Ke2 Nd7 29. Kd3 h5 30. Nb1 Kf6 31. Nd2 Ke6 32. Nc4 Bc7 33. Bd2 b6 34. Be3 f5 35. Bf2 b5 36.
axb5 cxb5 37. Na3 b4 38. Nc4 Bd8 39. Be3 Bc7 40. Bf2 Bd8 41. Be3 Bc7 42. Ba7 Bd8 43. Ke2 Nf6 44. Ke3 Nd7 45. Ke2 Nf6 46. Ke3 Nd7 47. exf5+ gxf5 48. g4 fxg4 49. fxg4 hxg4 50. hxg4 Kd5 51. Nd2 Bg5+ 52. Ke2 Bxd2 53. Kxd2 Ke4 54. Be3 Nf8 55. Bb6 Kf3 56. g5 e4 57. Bxa5 e3+ 58.
Kd3 Ne6 59. Bxb4 Nxg5 60. c4 e2 61. c5 Ne4 62. c6 Nc5+ 63. Kc4 Ne6 64. Be1 Kg2 65.
b4 Kf1 66. Bc3 Kf2 67. b5 Ke3 68. b6 Nc7 69. bxc7 1-0